 Dungeon Crawl Stone Soup version 0.30-a0-1160-g6e42c06551 (webtiles) character file.

Game seed: 2072070588412777690

1243 lunkers the Zephyrmancer (level 9, -4/62 HPs)
             Began as a Meteoran Air Elementalist on Apr 26, 2023.
             Was an Initiate of Gozag.
             Slain by a death yak (19 damage)
             ... on level 9 of the Dungeon.
             The game lasted 00:15:02 (2600 turns).

lunkers the Zephyrmancer (MeAE)                     Turns: 2600, Time: 00:15:02

Health: -4/62      AC:  4    Str:  8    XL:     9   Next: 6%
Magic:  0/19       EV: 12    Int: 28    God:    Gozag
Gold:   575        SH:  0    Dex: 16    Spells: 11/21 levels left

rFire   . . .        a - +3 short sword (speed)
rCold   . . .        (no shield)
rNeg    . . .        t - +0 robe
rPois   .            i - +1 helmet
rElec   .            (no cloak)
rCorr   .            (no gloves)
SInv    +            (no boots)
Will    +....        c - amulet "Zikiothra" {Spirit Str-2 Int+8 Stlth-}
Stlth   +            l - ring of see invisible
HPRegen 0.30/turn    (no ring)
MPRegen 0.16/turn

%: guardian spirit
@: about to teleport, glowing
A: sense surroundings 2, otherworldly, glowing, explore regen
a: Renounce Religion, Potion Petition, Call Merchant, Bribe Branch


You were on level 9 of the Dungeon.
You worshipped Gozag.
Gozag was pleased with you.
You visited 1 branch of the dungeon, and saw 8 of its levels.

You collected 604 gold pieces.
You paid 29 gold pieces to Gozag.

Inventory:

Hand Weapons
 a - a +3 short sword of speed (weapon)
Armour
 i - a +1 helmet (worn)
 t - a +0 robe (worn)
Magical Staves
 e - a staff of cold
Jewellery
 c - the amulet "Zikiothra" (around neck) {Spirit Str-2 Int+8 Stlth-}
   (You acquired it on level 4 of the Dungeon)

   [amulet of guardian spirit]

   It causes incoming damage to be divided between your reserves of health and
   magic.
   Str:       It affects your strength (-2).
   Int:       It affects your intelligence (+8).
   Stlth:     It makes you less stealthy.
 l - a ring of see invisible (left hand)
Scrolls
 d - a scroll of fear
 f - 2 scrolls of vulnerability
 g - a scroll of identify
 h - 3 scrolls of teleportation
 o - 2 scrolls of enchant armour
Potions
 b - 2 potions of magic
 j - a potion of attraction
 k - 3 potions of invisibility
 p - 2 potions of haste
 s - a potion of resistance
 w - 3 potions of flight


   Skills:
 - Level 2.4 Dodging
 - Level 1.4 Stealth
 + Level 6.5 Spellcasting
 + Level 6.0 Conjurations
 * Level 9.2 Air Magic


You had 11 spell levels left.
You knew the following spells:

 Your Spells              Type           Power      Damage    Failure   Level
a - Shock                 Conj/Air       100%       1d9       1%          1
b - Static Discharge      Conj/Air       100%       2-7/arc   1%          2
c - Swiftness             Air            57%        N/A       1%          3
d - Airstrike             Air            28%        2d(5-21)  1%          4

Your spell library contained the following spells:

 Spells                   Type           Power      Damage    Failure   Level
 Cigotuvi's Dreadful Rot  Necr/Pois/Air  52%        N/A       2%          2
 Dazzling Flash           Conj/Hex       50%        N/A       4%          3
 Hailstorm                Conj/Ice       25%        3d7       4%          3
 Freeze                   Ice            36%        1d5       6%          1
 Slow                     Hex            36%        N/A       6%          1
 Confusing Touch          Hex            9%         N/A       17%         3
 Frozen Ramparts          Ice            18%        1d3       17%         3
 Ignite Poison            Fire/Tmut/Pois 9%         N/A       17%         3
 Vampiric Draining        Necr           9%         2d6       17%         3
 Volatile Blastmotes      Fire/Tloc      18%        2d11      17%         3
 Iskenderun's Mystic Bla  Conj/Tloc      25%        2d7       17%         4
 Freezing Cloud           Conj/Ice/Air   18%        6-21      21%         5
 Starburst                Conj/Fire      12%        6d5       95%         6


Dungeon Overview and Level Annotations

Branches:
Dungeon (9/15) Zot: 2203     Lair (0/5) D:9
 Temple: D:4-7          Orc: D:9-12

Altars:
Gozag

Shops:
D:3 (   D:5 ?   D:9 !

Annotations:
D:3 2 transporters


Innate Abilities, Weirdness & Mutations

You passively map the area around you.
You are easily found by Zot.
You glow in the dark.
You regain HP and MP as you explore.


Message History

The death yak is struck by an arc of lightning.
The death yak is moderately wounded.
The death yak is struck by an arc of lightning.
The death yak is lightly wounded.
The lightning grounds out.
The death yak is struck by an arc of lightning.
The death yak is moderately wounded.
The death yak is struck by an arc of lightning.
The death yak is lightly wounded.
You are struck by an arc of lightning.
* * * LOW HITPOINT WARNING * * *
The lightning grounds out.
You hear a shout!
The death yak gores you but does no damage.
The death yak gores you.
* * * LOW HITPOINT WARNING * * *
The death yak attacks as you move away! The death yak closely misses you.
The orc priest looks satisfied for a moment.
Casting: Static Discharge (safe; 1% risk of failure)
Confirm with . or Enter, or press ? or * to list all spells.
The death yak is struck by an arc of lightning.
The death yak is heavily wounded.
You are struck by an arc of lightning.
* * * LOW HITPOINT WARNING * * *
The death yak is struck by an arc of lightning.
The death yak is heavily wounded.
You are struck by an arc of lightning.
* * * LOW MAGIC WARNING * * *
* * * LOW HITPOINT WARNING * * *
The lightning grounds out.
* * * LOW MAGIC WARNING * * *
The death yak completely misses you. The death yak attacks as you move away!
The death yak gores you!!
* * * LOW MAGIC WARNING * * *
* * * LOW HITPOINT WARNING * * *
As you read the scroll of teleportation, it crumbles to dust.
You feel strangely unstable. The death yak gores you!!
* * * LOW MAGIC WARNING * * *
You die...
Your body crumbles into a pile of gold.

#... *... *
#...# ##..
* *....#
...,, * ...
∩.# ** * ,
#.####.#*
,,, * <
#..T...# *
* #oY>####
* , *
**##Y#.T..#
* ,
#@.####r##
# #..##
#..## ,$ .r
#.##
##Tr##* ..r
## ##..##
..rr
##..#.....
#..Y....#
#.##.....
#.##.....
#...T....


You could see 2 death yaks, a troll and an orc priest.

Vanquished Creatures
  An orc warrior (D:6)
  An ice beast (D:6)
  An ogre (D:4)
  A phantom (D:5)
  A kobold brigand (D:6)
  4 scorpions
  A wight (D:5)
  3 orc priests
  3 hounds
  4 iguanas
  3 orc wizards
  Robin (D:2)
  8 adders
  A shadow imp (D:6)
  A worm (D:3)
  2 dart slugs
  13 orcs
  6 ball pythons
  7 endoplasms
  3 giant cockroaches
  12 goblins
  6 hobgoblins
  4 kobolds
  3 quokkas
  8 bats
  3 frilled lizards (D:3)
  A rat (D:2)
102 creatures vanquished.

Notes
Turn   | Place    | Note
-------+----------+-------------------------------------------
     0 | D:1      | lunkers the Meteoran Air Elementalist began the quest for
                  | the Orb.
     0 | D:1      | Reached XP level 1. HP: 14/14 MP: 5/5
   111 | D:1      | Reached XP level 2. HP: 20/20 MP: 3/6
   165 | D:1      | Reached skill level 4 in Air Magic
   416 | D:2      | Reached XP level 3. HP: 20/26 MP: 0/8
   419 | D:2      | Learned a level 2 spell: Static Discharge
   423 | D:2      | Learned a level 3 spell: Swiftness
   444 | D:2      | Noticed Robin
   457 | D:2      | Killed Robin
   458 | D:2      | Reached XP level 4. HP: 5/33 MP: 2/10
   641 | D:2      | Learned a level 4 spell: Airstrike
   713 | D:2      | Reached skill level 5 in Air Magic
   719 | D:2      | Reached XP level 5. HP: 29/38 MP: 5/11
   901 | D:2      | Found a faded altar of an unknown god.
  1050 | D:3      | Found an opulent altar of Gozag.
  1085 | D:3      | Became a worshipper of Gozag Ym Sagoz the Greedy
  1382 | D:3      | Noticed a toenail golem
  1383 | D:3      | Found a transporter.
  1417 | D:3      | Found a transporter.
  1439 | D:3      | Found Humae's Antique Weapon Emporium.
  1442 | D:3      | Reached XP level 6. HP: 40/45 MP: 7/13
  1454 | D:3      | Noticed a small abomination
  1540 | D:4      | Noticed an ogre
  1545 | D:4      | Killed an ogre
  1546 | D:4      | Reached skill level 6 in Air Magic
  1571 | D:4      | Reached XP level 7. HP: 50/50 MP: 11/14
  1707 | D:4      | Reached skill level 5 in Spellcasting
  1707 | D:4      | Reached skill level 7 in Air Magic
  1827 | D:4      | Identified a scroll of acquirement
  1827 | D:4      | Acquired the amulet "Zikiothra" {Spirit Str-2 Int+8 Stlth-}
  1975 | D:5      | Entered Level 5 of the Dungeon
  1984 | D:5      | Reached XP level 8. HP: 46/57 MP: 7/16
  2052 | D:5      | Found Voc Yph's Magic Scroll Emporium.
  2097 | D:5      | Reached skill level 5 in Conjurations
  2116 | D:5      | Reached skill level 8 in Air Magic
  2391 | D:6      | Reached skill level 9 in Air Magic
  2391 | D:6      | Gained mutation: You passively map the area around you.
                  | [Meteoran growth]
  2391 | D:6      | Reached XP level 9. HP: 51/62 MP: 0/19
  2579 | D:7      | You fall into a shaft and drop 2 floors!
  2580 | D:9      | Noticed a death yak
  2581 | D:9      | Noticed a troll
  2584 | D:9      | Found a staircase to the Lair.
  2585 | D:9      | Noticed a death yak
  2592 | D:9      | Noticed a death yak
  2593 | D:9      | Found Paqaesay's Distillery.
  2600 | D:9      | Slain by a death yak

Illustrated notes

Levels and vault maps discovered:
D:1:      psy_arrival_radial01, layout_rooms
D:2:      layout_basic, ebering_ecumenical_altar_abandoned, uniq_robin
D:3:      layout_basic, mainiacjoe_overflow_surrounded_room, serial_shops, shop,
          gammafunk_ghost_abyssal_escape
D:4:      minmay_diamond_boxcup, layout_gridville
D:5:      minmay_polygon_palace, layout_basic, minmay_temple_entry_from_below_a,
          serial_shops, nicolae_stop_n_shop_1, grunt_decor_cap
D:6:      layout_basic, kennysheep_mini_moat, serial_shops,
          nicolae_shop_crystal, eino_small_chamber_without_monster,
          minmay_pentangle
D:7:      layout_loops_cross, minitemple
D:9:      layout_rooms, xom_confusion_cloud, general_overflow_altar,
          dpeg_lair_monsters, orc_0_dummy, serial_shops, shop,
          kennysheep_generic_room_11, uniq_pikel

Skill      XL: |  1  2  3  4  5  6  7  8  9 |
---------------+----------------------------+-----
Air Magic      | 4 5 6 7 9 |  9.2
Spellcasting   | 3 4 5 6 |  6.5
Conjurations   | 2 3 4 5 6 |  6.0
Dodging        | |  2.4
Stealth        | |  1.4

Action                     |  1- 3 |  4- 6 |  7- 9 || total
---------------------------+-------+-------+-------++-------
  Melee: Unarmed           |     3 |       |       ||     3
         Short sword       |       |       |    10 ||    10
   Fire: Sling             |       |     2 |       ||     2
   Cast: Shock             |    43 |    51 |     5 ||    99
         Static Discharge  |     1 |    17 |    39 ||    57
         Airstrike         |       |       |    21 ||    21
    Use: Potion            |     1 |       |       ||     1
         Scroll            |       |     2 |    18 ||    20
 Armour: Robe              |     5 |     3 |     9 ||    17
  Dodge: Dodged            |    12 |    12 |    34 ||    58

Table legend: (Time is in decaauts)
 A = Elapsed time spent in this place.
 B = Non-inter-level travel time spent in this place.
 C = Inter-level travel time spent in this place.
 D = Time resting spent in this place.
 E = Time spent auto-exploring this place.
 F = Levels seen in this place.
 G = Mean time per level.
                   A        B        C        D        E       F      G
               +--------+--------+--------+--------+--------+-----+--------+
         Total |   2595 |   2437 |    158 |      0 |   1476 |   8 |  324.4 |
       Dungeon |   2595 |   2437 |    158 |      0 |   1476 |   8 |  324.4 |
               +--------+--------+--------+--------+--------+-----+--------+

Top non-repeatable levels by time:
     D:2: 604 daAuts
     D:3: 514 daAuts
     D:4: 509 daAuts
     D:1: 368 daAuts
     D:6: 307 daAuts
     D:5: 240 daAuts
     D:7: 30 daAuts
     D:9: 20 daAuts
